 Dungeon Crawl Stone Soup version 0.32-a0-938-g40ac7a0f4d (webtiles) character file.

Game seed: 6060769252205784228

2 DEFE the Trooper (level 1, 18/18 HPs)
             Began as a Coglin Fighter on Apr 15, 2024.
             Was a Follower of Nemelex Xobeh.
             Quit the game on level 1 of the Dungeon.
             The game lasted 00:00:12 (75 turns).

DEFE the Trooper (Coglin Fighter)                     Turns: 75, Time: 00:00:12

Health: 18/18      AC:  6    Str: 16    XL:     1   Next: 40%
Magic:  1/1        EV:  7    Int:  7    God:    Nemelex Xobeh [*.....]
Gold:   3          SH:  4    Dex: 13    Spells: 0/0 levels left

rFire   . . .        a - +0 flail {Ujjalroop}
rCold   . . .        c - +0 buckler
rNeg    . . .        b - +0 scale mail
rPois   .            (no helmet)
rElec   .            (no cloak)
rCorr   .            (no gloves)
SInv    .            (no boots)
Will    .....        (amulet unavailable) Stlth
                     (ring unavailable)
HPRegen 0.23/turn    (ring unavailable)
MPRegen 0.07/turn    (no gizmo)

%: no passive effects
@: no status effects
A: off-hand wielding, slow wielding, warmup strikes, no jewellery
a: Invent Gizmo, Renounce Religion, Draw Escape, Draw Destruction, Draw
Summoning


You were on level 1 of the Dungeon.
You worshipped Nemelex Xobeh.
Nemelex Xobeh was aware of your devotion.
You visited 1 branch of the dungeon, and saw 1 of its levels.

You collected 3 gold pieces.

Inventory:

Hand Weapons
 a - a +0 flail (weapon) {Ujjalroop}
Armour
 b - a +0 scale mail (worn)
 c - a +0 buckler (worn)
Scrolls
 e - a scroll of poison {unknown}
Potions
 d - 2 potions of might
 f - a potion of degeneration {unknown}


   Skills:
 - Level 3.0 Fighting
 + Level 2.0 Maces & Flails
 - Level 2.6 Armour
 - Level 2.1 Shields


You couldn't memorise any spells.
You didn't know any spells.
Your spell library was empty.

Dungeon Overview and Level Annotations

Branches:
Dungeon (1/15)

Altars:
Nemelex Xobeh


Innate Abilities, Weirdness & Mutations

You can wield a second weapon in your off-hand.
It takes a long time for you to wield or remove held weapons.
Your first few attacks do less damage.
You cannot equip rings or amulets.


Message History

No target in view!
e - a scroll labelled AGUOCA WEIRGH You now have 3 gold pieces.
d - 2 potions of might (gained 1)
The shining eye turns its gaze towards you.
Found a faded altar of an unknown god.
No reachable target in view!
No reachable target in view!
No reachable target in view!
No reachable target in view!
No reachable target in view!
No reachable target in view!
No reachable target in view!
No reachable target in view!
A giant cockroach comes into view.
The glass eye turns its gaze towards you. x2
The golden eye turns its gaze towards you.
You see here a red potion.
f - a red potion You closely miss the giant cockroach.
The giant cockroach bites you. The giant cockroach closely misses you.
You block the giant cockroach's attack. The giant cockroach barely misses you.
You sock the giant cockroach!
You kill the giant cockroach!
Your Maces & Flails skill increases to level 2!
Unknown command.
No reachable target in view!
No reachable target in view!
No reachable target in view!
There is a faded altar of an unknown god here.
This altar belongs to (a) Nemelex Xobeh, (b) Fedhas or (c) Gozag, but you can't tell which.
Press the corresponding letter to learn more about a god, or press enter to convert or escape to cancel.
Nemelex Xobeh accepts your prayer! Nemelex Xobeh welcomes you!
You can now draw from decks of power.
Nemelex will now gift you decks of power as you gain piety.
Unknown command.
Press < or > to pray at altars.
Unknown command.
Press < or > to pray at altars.
Are you sure you want to abandon this character and quit the game? (Confirm with "yes".)

#### .. #.... ...# #.##
.#.#### ##.#####.#...
......
............###...###
##.#####.##.#G#...#G#
##.# #....###...###.#
...# #.##...........#
#### #.##.....@.....#
..## #.##..†........#
...#####.##.###...###..#
#...........#G#...#G# #
...#####.##.###...###
...# #...#......... #..#
#.....#......... ...#
##...####...###. ##.#
##.## ####


You could see a shining eye, 2 glass eyes and a golden eye.

Vanquished Creatures
  2 giant cockroaches (D:1)
2 creatures vanquished.

Notes
Turn   | Place    | Note
-------+----------+-------------------------------------------
     0 | D:1      | DEFE the Coglin Fighter began the quest for the Orb.
     0 | D:1      | Reached XP level 1. HP: 18/18 MP: 1/1
    61 | D:1      | Noticed a shining eye
    63 | D:1      | Found a faded altar of an unknown god.
    65 | D:1      | Noticed a glass eye
    65 | D:1      | Noticed a glass eye
    65 | D:1      | Noticed a golden eye
    74 | D:1      | Prayed at the altar of an unknown god.
    74 | D:1      | Became a worshipper of Nemelex Xobeh the Trickster
    74 | D:1      | Reached * piety under Nemelex Xobeh
    75 | D:1      | Quit the game

Illustrated notes

Levels and vault maps discovered:
D:1:      heliophobic_arrival_henge, layout_loops_corners,
          hellmonk_ecumenical_altar_watching_god

Skill      XL: |  1 |
---------------+----+-----
Maces & Flails | 2 |  2.0
Fighting       | |  3.0
Armour         | |  2.6
Shields        | |  2.1

Action                     || total
---------------------------++-------
  Melee: Flail             ||     7
 Armour: Scale mail        ||     3
  Dodge: Dodged            ||     4
  Block: Buckler           ||     5

Table legend: (Time is in decaauts)
 A = Elapsed time spent in this place.
 B = Non-inter-level travel time spent in this place.
 C = Inter-level travel time spent in this place.
 D = Time resting spent in this place.
 E = Time spent auto-exploring this place.
 F = Levels seen in this place.
 G = Mean time per level.
                   A        B        C        D        E       F      G
               +--------+--------+--------+--------+--------+-----+--------+
         Total |     77 |     77 |      0 |      0 |     53 |   1 |   77.0 |
       Dungeon |     77 |     77 |      0 |      0 |     53 |   1 |   77.0 |
               +--------+--------+--------+--------+--------+-----+--------+

Top non-repeatable levels by time:
     D:1: 77 daAuts
